[Event "*** Titled Tuesday Blitz"]
[Site "Chess.com"]
[Date "2020.04.14"]
[Round "4"]
[White "DrVelja"]
[Black "renehp"]
[Result "1-0"]
[WhiteElo "2633"]
[BlackElo "2421"]
[TimeControl "180+1"]
[EndTime "10:39:07 PDT"]
[Termination "DrVelja won by resignation"]

1. e4 c5 2. Nf3 d6 3. d4 cxd4 4. Nxd4 Nf6 5. Nc3 a6 6. Be2 e5 7. Nf3 Be7 8. Bg5 Be6 9. Bxf6 Bxf6 10. O-O O-O 11. Nd5 Bxd5 12. Qxd5 Nc6 13. c3 Ne7 14. Qxb7 Rb8 15. Qxa6 Rxb2 16. Rfd1 Qc7 17. Rab1 Rxb1 18. Rxb1 Qxc3 19. Qxd6 Qc2 20. Rb8 Nc8 21. Qa6 h6 22. Qc4 Qxc4 23. Bxc4 Nd6 24. Rxf8+ Kxf8 25. Bd5 Nb5 26.
a4 Nd4 27. Nxd4 exd4 28. a5 Bd8 29. a6 Bb6 30. Kf1 Ke7 31. f4 f6 32. Ke2 Kd6 33.
Kd3 f5 34. Bc4 fxe4+ 35. Kxe4 Kc5 36. Bd3 Kb4 37. f5 Kc3 38. g4 Kb4 39. h4 Kc5 40.
Ke5 Bc7+ 41. Ke6 Kb6 42. g5 hxg5 43. hxg5 Bd8 44. f6 gxf6 45. g6 1-0

[Event "*** Titled Tuesday Blitz"]
[Site "Chess.com"]
[Date "2020.04.14"]
[Round "4"]
[White "jk13"]
[Black "pichonazo"]
[Result "0-1"]
[WhiteElo "2779"]
[BlackElo "2609"]
[TimeControl "180+1"]
[EndTime "10:39:07 PDT"]
[Termination "pichonazo won by resignation"]

1. e4 Nc6 2. Nf3 d6 3. d4 Nf6 4. Nc3 Bg4 5. Be2 e6 6. Be3 d5 7. Ng5 Bxe2 8. Qxe2 dxe4 9. O-O-O Be7 10. Qb5 Qc8 11.
Ngxe4 a6 12. Qe2 O-O 13. d5 Nxd5 14. Nxd5 exd5 15. Rxd5 Qe6 16. Nc3 Nb4 17. Rhd1 Nxd5 18.
Nxd5 Bd6 19. a3 Rad8 20. Qf3 c6 21. Nc3 Be5 22. Bd2 Rfe8 23. b3 Qf6 24. Qxf6 Bxf6 25. Re1 Rxe1+ 26. Bxe1 Bxc3 27. Bxc3 f6 28. f3 Kf7 29. a4 b5 30. axb5 cxb5 31. Ba5 Rd7 32. c3 Ke6 33. Kc2 Kf5 34. c4 bxc4 35. bxc4 Ke5 36. Bb6 Kd6 37. Kc3 Kc6 38. Be3 a5 39. Kb3 Rb7+ 40. Kc3 a4 41. Bc1 Rb3+ 42. Kc2 Kc5 0-1

[Event "*** Titled Tuesday Blitz"]
[Site "Chess.com"]
[Date "2020.04.14"]
[Round "4"]
[White "Perecke"]
[Black "ADODOVE"]
[Result "1-0"]
[WhiteElo "2198"]
[BlackElo "1790"]
[TimeControl "180+1"]
[EndTime "10:39:07 PDT"]
[Termination "Perecke won by checkmate"]

1. e4 e5 2. Nf3 Nc6 3. d4 exd4 4. Bc4 Nf6 5. O-O Nxe4 6. Re1 d5 7. Bxd5 Qxd5 8. Nc3 Qa5 9. Nxe4 Be6 10. Bg5 Bd6 11.
Nxd4 Nxd4 12. Qxd4 O-O 13. h4 Be5 14. Qe3 Rfe8 15. c3 f5 16. Ng3 Bxg3 17. Qxg3 Bd5 18.
Bf6 g6 19. h5 Kf7 20. Bd4 c5 21. b4 cxb4 22. hxg6+ hxg6 23. Qh4 Rxe1+ 24. Rxe1 Rg8 25. Qf6# 1-0

[Event "*** Titled Tuesday Blitz"]
[Site "Chess.com"]
[Date "2020.04.14"]
[Round "4"]
[White "Sven_Tica"]
[Black "Vamostodorecto"]
[Result "1-0"]
[WhiteElo "2669"]
[BlackElo "2501"]
[TimeControl "180+1"]
[EndTime "10:39:08 PDT"]
[Termination "Sven_Tica won on time"]

1. d4 d5 2. c4 c6 3. Nf3 Nf6 4. Qc2 g6 5. e3 Bg7 6. Bd3 O-O 7. O-O dxc4 8. Bxc4 Bg4 9. Nbd2 Nbd7 10. b3 Qc7 11.
Bb2 Rfe8 12. h3 Bxf3 13. Nxf3 Rad8 14. Rac1 Qd6 15. e4 Nh5 16. e5 Qc7 17. e6 fxe6 18.
Bxe6+ Kh8 19. Ng5 Rf8 20. d5 Ne5 21. dxc6 h6 22. Bxe5 Qxe5 23. Nf7+ Rxf7 24. Bxf7 bxc6 25. Qxg6 Nf4 26. Qxc6 Ne2+ 27. Kh1 Nxc1 28. Rxc1 Qg5 29. Be6 Be5 30. Qc4 Rf8 31. Rf1 Kg7 32. g3 Rf3 33.
Bd5 Rc3 34. Qe4 Qf6 35. Qg4+ Qg5 36. Qe6 1-0

[Event "*** Titled Tuesday Blitz"]
[Site "Chess.com"]
[Date "2020.04.14"]
[Round "4"]
[White "2L8IWUN"]
[Black "Tashik"]
[Result "1/2-1/2"]
[WhiteElo "2339"]
[BlackElo "2557"]
[TimeControl "180+1"]
[EndTime "10:39:08 PDT"]
[Termination "Game drawn by repetition"]

1. d4 Nf6 2. Nf3 d5 3. Bf4 e6 4. e3 Bd6 5. Bg3 O-O 6. Nbd2 c5 7. c3 Qc7 8. Bd3 Nbd7 9. Bxd6 Qxd6 10. O-O e5 11.
dxe5 Nxe5 12. Nxe5 Qxe5 13. Re1 Bf5 14. Bxf5 Qxf5 15. Qf3 Qc2 16. Qe2 Qxb2 17. Ne4 Qxe2 18.
Nxf6+ gxf6 19. Rxe2 Rfd8 20. Rd2 Rd6 21. Rad1 Rad8 22. Kf1 Kf8 23. f4 f5 24. Kf2 Ke7 25. Kf3 h5 26. g3 Ke6 27. a4 c4 28. Rb2 R8d7 29. Rb5 Ra6 30. a5 b6 31. Ra1 bxa5 32.
Rbxa5 Rxa5 33. Rxa5 Rb7 34. Ra6+ Ke7 35. Rh6 Rb3 36.
Rxh5 Rxc3 37. Rxf5 Rd3 38. Ke2 a5 39. Re5+ Kd6 40.
Re8 a4 41. Ra8 a3 42. Ra5 Rb3 43. Kd2 Rb2+ 44. Kc3 Rb3+ 45. Kd2 Rd3+ 46. Ke2 Rb3 47. Kd2 1/2-1/2

[Event "*** Titled Tuesday Blitz"]
[Site "Chess.com"]
[Date "2020.04.14"]
[Round "4"]
[White "Qingdom"]
[Black "zmeeed67"]
[Result "0-1"]
[WhiteElo "2104"]
[BlackElo "2375"]
[TimeControl "180+1"]
[EndTime "10:39:08 PDT"]
[Termination "zmeeed67 won by resignation"]

1. d4 d5 2. Bf4 Nf6 3. e3 c5 4. c3 Qb6 5. Qb3 Nc6 6. Nd2 c4 7. Qxb6 axb6 8. a3 b5 9. Rc1 Bf5 10.
Ngf3 h6 11. Be2 e6 12. O-O Kd7 13. Ne5+ Nxe5 14. Bxe5 Ne4 15. Nxe4 Bxe4 16. f3 Bg6 17. e4 f6 18. Bg3 dxe4 19. fxe4 Bxe4 20. Bf3 Bxf3 21. Rxf3 Bd6 22. Bxd6 Kxd6 23. Rg3 g5 24. Re1 Rae8 25. h4 Rhg8 26. hxg5 hxg5 27. Kf2 Rh8 28.
Rf3 Rh6 29. Kg3 e5 30. Rfe3 Rh4 31. dxe5+ Rxe5 32. Rxe5 fxe5 33. Rf1 Re4 34. Rf6+ Kc5 35. Rg6 Re2 36. Rxg5 Kd5 37. Rg7 Rxb2 38. Rxb7 Rb3 39. Kh4 e4 40. g4 e3 41. Re7 Rxc3 42. g5 Rxa3 43. g6 Ra8 44. g7 Rg8 45. Kg5 c3 46. Kf6 c2 47. Rc7 e2 0-1

[Event "*** Titled Tuesday Blitz"]
[Site "Chess.com"]
[Date "2020.04.14"]
[Round "4"]
[White "MarcoCorvi"]
[Black "mathapples"]
[Result "0-1"]
[WhiteElo "2140"]
[BlackElo "2337"]
[TimeControl "180+1"]
[EndTime "10:39:08 PDT"]
[Termination "mathapples won by resignation"]

1. e4 c6 2. d4 d5 3. Nd2 dxe4 4. Nxe4 Nd7 5. Nf3 Ngf6 6. Nxf6+ Nxf6 7. Bd3 Bg4 8. c3 e6 9. h3 Bh5 10. O-O Be7 11.
Bf4 O-O 12. g4 Bg6 13. Bxg6 hxg6 14. Qc2 Nd5 15. Bg3 f5 16. gxf5 gxf5 17. Be5 Bd6 18. Qe2 Bxe5 19. Qxe5 Rf6 20. Kh2 Qb8 21. Rg1 Qxe5+ 22. Nxe5 Nf4 23. Rae1 Rh6 24. Re3 Kh7 25. Rf3 Nd5 26. Rg5 Rf8 27. Rfg3 Rg8 28. Rg6 Nf6 29.
Rxh6+ gxh6 30. Nf7 Ne4 31. Rxg8 Kxg8 32. Nxh6+ Kg7 33. Nxf5+ exf5 34. Kg2 Nd2 35. Kg3 Kf6 36. Kf4 Nc4 37. h4 Nxb2 38. h5 Nd3+ 39. Ke3 Nc1 40. a3 Kg5 41. c4 Kxh5 42. Kf4 Kg6 43. Ke5 Nd3+ 44. Kd6 Nxf2 45. Kc7 f4 46. d5 cxd5 47. cxd5 Ne4 48. d6 Nxd6 49. Kxd6 f3 0-1

[Event "*** Titled Tuesday Blitz"]
[Site "Chess.com"]
[Date "2020.04.14"]
[Round "4"]
[White "INLOVEWITHF"]
[Black "farzadbfd"]
[Result "1-0"]
[WhiteElo "2589"]
[BlackElo "2735"]
[TimeControl "180+1"]
[EndTime "10:39:09 PDT"]
[Termination "INLOVEWITHF won on time"]

1. d4 Nf6 2. c4 e6 3. Nc3 Bb4 4. f3 d5 5. a3 Bxc3+ 6. bxc3 O-O 7. cxd5 exd5 8. e3 b6 9. Bd3 Bb7 10. Ne2 Nbd7 11. O-O c5 12. Ng3 Re8 13. Re1 Rc8 14.
Bb2 Nf8 15. e4 dxe4 16. fxe4 Ne6 17. e5 Qd5 18. Ne4 Nxe4 19. Bxe4 Qd7 20. d5 Ng5 21. c4 Nxe4 22. Rxe4 b5 23. Rg4 g6 24. Qf3 bxc4 25. Rd1 Rcd8 26. e6 Rxe6 27. Re4 Rxe4 28. Qf6 Rd4 29.
Rxd4 cxd4 30. Bxd4 Kf8 31. Qh8+ Ke7 32. Bc5+ Qd6 33.
Qe5+ Kd7 34. Qxd6+ Kc8 35. Qe7 1-0

[Event "*** Titled Tuesday Blitz"]
[Site "Chess.com"]
[Date "2020.04.14"]
[Round "4"]
[White "Gaguna"]
[Black "Mikhail_Golubev"]
[Result "1-0"]
[WhiteElo "2687"]
[BlackElo "2511"]
[TimeControl "180+1"]
[EndTime "10:39:09 PDT"]
[Termination "Gaguna won by resignation"]

1. d4 Nf6 2. Nf3 d6 3. c4 g6 4.
Nc3 Bg7 5. e4 O-O 6. Be2 e5 7.
O-O Nc6 8. d5 Ne7 9. Ne1 Ne8 10.
f3 f5 11. Nd3 f4 12. c5 g5 13. Bd2 Ng6 14. Rc1 h5 15. cxd6 cxd6 16. Kh1 Rf7 17. Nf2 Bf6 18. Nb5 Bd7 19. Qb3 Qb8 20. Rc2 Bd8 21.
Rfc1 Rh7 22. Na3 Bb6 23. Nh3 g4 24. Ng5 Qd8 25. Ne6 Qh4 26. Be1 g3 27. h3 Nf6 28.
Bb5 Bxb5 29. Qxb5 Ne7 30. Nc4 Be3 31. Nxe3 fxe3 32. Rc7 Ng4 33. Qxb7 Re8 34. Qb5 Rf8 35. Nxf8 Nf2+ 36. Bxf2 gxf2 37. Nxh7 1-0

[Event "*** Titled Tuesday Blitz"]
[Site "Chess.com"]
[Date "2020.04.14"]
[Round "4"]
[White "kingmonkey2006"]
[Black "PrinceCharming92"]
[Result "1-0"]
[WhiteElo "2596"]
[BlackElo "2343"]
[TimeControl "180+1"]
[EndTime "10:39:10 PDT"]
[Termination "kingmonkey2006 won by resignation"]

1. e4 c5 2. Nf3 e6 3. d4 cxd4 4.
Nxd4 a6 5. Bd3 Bc5 6. Nb3 Ba7 7. Qg4 Nf6 8. Qg3 Nc6 9. O-O g6 10. Bh6 Nh5 11. Qg4 Rg8 12. Nc3 b5 13. Kh1 Ne5 14.
Qh3 Bb7 15. f4 Nxd3 16. cxd3 Qe7 17. e5 f6 18. Ne4 Bxe4 19. dxe4 Rc8 20. Rad1 Kf7 21.
exf6 Nxf6 22. Bg5 Qe8 23. f5 gxf5 24. Bxf6 Kxf6 25. exf5 e5 26. Qxh7 Rg7 27. Qh6+ Kf7 28. f6 Rg6 29. Qh7+ Kf8 30. f7 Qe6 31. Qh8+ Ke7 32.
f8=Q+ 1-0

[Event "*** Titled Tuesday Blitz"]
[Site "Chess.com"]
[Date "2020.04.14"]
[Round "4"]
[White "GMJustin"]
[Black "HouseOfDurin"]
[Result "1-0"]
[WhiteElo "2418"]
[BlackElo "2062"]
[TimeControl "180+1"]
[EndTime "10:39:10 PDT"]
[Termination "GMJustin won by checkmate"]

1. e4 c5 2. Nf3 Nc6 3. d4 cxd4 4. Nxd4 e5 5. Nb5 d6 6. c4 Be6 7. b3 a6 8. N5c3 Nf6 9. Bd3 Be7 10. O-O O-O 11. Nd5 Nd4 12. Nbc3 Bxd5 13. cxd5 Rc8 14. Ne2 Nxe2+ 15. Qxe2 Nd7 16. b4 Qb6 17. Be3 Qxb4 18. Rab1 Qa5 19. Rxb7 Rc7 20. Bd2 Qc5 21. Bb4 Qc1 22. Rxc1 Rxc1+ 23. Be1 Bd8 24. Qd2 Ra1 25. Rxd7 Bb6 26. g3 Bd4 27. Kg2 Rb8 28. Qe2 Rb2 29. Rd8# 1-0

[Event "*** Titled Tuesday Blitz"]
[Site "Chess.com"]
[Date "2020.04.14"]
[Round "4"]
[White "ajian"]
[Black "anesar92"]
[Result "1/2-1/2"]
[WhiteElo "2371"]
[BlackElo "2681"]
[TimeControl "180+1"]
[EndTime "10:39:11 PDT"]
[Termination "Game drawn by repetition"]

1. d4 Nf6 2. c4 Nc6 3. Nf3 e6 4. Nc3 Bb4 5. Qc2 d6 6. Bd2 O-O 7. a3 Bxc3 8. Bxc3 Qe7 9. e3 e5 10. dxe5 dxe5 11. Be2 Bg4 12. O-O Bh5 13. b4 Bg6 14. Qb2 e4 15. Nh4 Rfd8 16. Rfd1 Rxd1+ 17. Rxd1 Rd8 18. Nxg6 hxg6 19. b5 Rxd1+ 20. Bxd1 Qd6 21. Bc2 Ne7 22. g3 c6 23. Bxf6 gxf6 24. Bxe4 cxb5 25.
cxb5 b6 26. a4 Qd1+ 27. Kg2 Qxa4 28. Bc2 Qc4 29. Qxf6 Nd5 30. Qd4 Nxe3+ 31. Qxe3 Qxc2 32. Qe8+ Kg7 33. Qe5+ Kh7 34. Qe7 Qc4 35. Qxa7 Qe4+ 36. Kg1 Qe1+ 37. Kg2 Qe4+ 38. Kg1 Qb1+ 39. Kg2 Qxb5 40.
Qxf7+ Kh6 41. Qf8+ Kh7 42. Qf7+ Kh6 43. Qf8+ Kh7 44.
Qf7+ 1/2-1/2

[Event "*** Titled Tuesday Blitz"]
[Site "Chess.com"]
[Date "2020.04.14"]
[Round "4"]
[White "imdvb6307"]
[Black "Alkhoori90"]
[Result "1-0"]
[WhiteElo "2384"]
[BlackElo "2058"]
[TimeControl "180+1"]
[EndTime "10:39:12 PDT"]
[Termination "imdvb6307 won on time"]

1. c4 c5 2. Nf3 Nc6 3. d4 g6 4. d5 Nb8 5. Bd2 Bg7 6. Bc3 Nf6 7. e4 d6 8. Nbd2 O-O 9. h3 e6 10. Be2 Nbd7 11. g4 exd5 12. exd5 Re8 13. Kf1 a6 14. a4 Rb8 15. a5 b5 16. axb6 Nxb6 17. Bd3 Ra8 18.
Qc2 Qc7 19. Kg2 Bd7 20. Ng5 Qc8 21. Nge4 Nxe4 22. Nxe4 Bxg4 23. Bxg7 Kxg7 24. Qc3+ Kf8 25. Rae1 1-0

[Event "*** Titled Tuesday Blitz"]
[Site "Chess.com"]
[Date "2020.04.14"]
[Round "4"]
[White "CarlosAlbornoz"]
[Black "AnishGiri"]
[Result "0-1"]
[WhiteElo "2707"]
[BlackElo "3020"]
[TimeControl "180+1"]
[EndTime "10:39:13 PDT"]
[Termination "AnishGiri won on time"]

1. e4 c5 2. Nf3 d6 3. d4 cxd4 4. Nxd4 Nf6 5. Nc3 a6 6. h4 e5 7.
Nb3 Be7 8. Bg5 Be6 9. Bxf6 Bxf6 10. g3 Be7 11. Qd2 Nd7 12. O-O-O Nf6 13. f4 O-O 14. f5 Bd7 15. Be2 Bc6 16. Bf3 b5 17. g4 b4 18.
Nd5 Nxd5 19. exd5 Bd7 20. Kb1 a5 21. Be4 a4 22. Nc1 b3 23. cxb3 axb3 24. Nxb3 Ra4 25. Bc2 Qa8 26. g5 f6 27. a3 Rb8 28. Rh3 Rb5 29. Rc3 Qb7 30. Ka2 Rxh4 31. gxf6 Bxf6 32. Bd3 Rb6 33. Rdc1 e4 34. Rc7 Qb8 35. Rxd7 Rxb3 36.
Rc2 exd3 0-1

[Event "*** Titled Tuesday Blitz"]
[Site "Chess.com"]
[Date "2020.04.14"]
[Round "4"]
[White "GM_RobertoMogranzini"]
[Black "sganerdene"]
[Result "0-1"]
[WhiteElo "2507"]
[BlackElo "2684"]
[TimeControl "180+1"]
[EndTime "10:39:13 PDT"]
[Termination "sganerdene won by resignation"]

1. e4 c5 2. Nf3 e6 3. Nc3 Nc6 4.
g3 Nf6 5. Bg2 d6 6. O-O Be7 7.
d4 cxd4 8. Nxd4 O-O 9. Nb3 a6 10. a4 Qc7 11. g4 b6 12. g5 Nd7 13. f4 Bb7 14. f5 Kh8 15. Kh1 Rae8 16. Qh5 Nce5 17. Nd4 exf5 18. exf5 Bxg2+ 19. Kxg2 Qc4 20. Rf4 Bd8 21. Rh4 h6 22. f6 Bxf6 23. gxf6 Nxf6 24. Qf5 Ng6 25. Rxh6+ gxh6 26. Qxf6+ Kh7 27. Bxh6 Rg8 28.
Kh1 Kxh6 29. Rg1 Re5 30. Nf5+ Kh7 31. Qg5 Qc6+ 32. Qg2 Qxg2+ 33. Kxg2 Rxf5 0-1

[Event "*** Titled Tuesday Blitz"]
[Site "Chess.com"]
[Date "2020.04.14"]
[Round "4"]
[White "grzechu96"]
[Black "vladislavkovalev"]
[Result "0-1"]
[WhiteElo "2586"]
[BlackElo "2879"]
[TimeControl "180+1"]
[EndTime "10:39:14 PDT"]
[Termination "vladislavkovalev won by resignation"]

1. e4 e5 2. Nf3 Nc6 3. Bc4 Nf6 4.
d3 Bc5 5. O-O a6 6. c3 d6 7. Re1 h6 8. Bb3 Ba7 9. Nbd2 Ne7 10.
Nf1 Ng6 11. h3 O-O 12. Ng3 Be6 13. Bc2 Qd7 14. d4 c6 15. Be3 Rfe8 16. Qd2 Kh7 17. Rad1 Bb8 18. Qc1 Qc8 19. Bb1 Bc7 20. Nf5 Bxf5 21.
exf5 Ne7 22. dxe5 dxe5 23. g4 Ned5 24. c4 Nxe3 25. Qxe3 e4 26. Nh4 Be5 27. b3 Qc7 28. Ng2 Rad8 29. Rxd8 Qxd8 30. Kf1 Bd4 31. Qf4 Qa5 32.
h4 Be5 33. Qe3 Nxg4 34. Qxe4 Nf6 35. Qf3 Rd8 36. Rxe5 Qxe5 0-1

[Event "*** Titled Tuesday Blitz"]
[Site "Chess.com"]
[Date "2020.04.14"]
[Round "4"]
[White "WeAintSurePal"]
[Black "Fighter008"]
[Result "0-1"]
[WhiteElo "2325"]
[BlackElo "2518"]
[TimeControl "180+1"]
[EndTime "10:39:14 PDT"]
[Termination "Fighter008 won by resignation"]

1. d4 c5 2. dxc5 Nf6 3. Nf3 e6 4. c4 Bxc5 5. Nc3 O-O 6. g3 b6 7. Bg2 Bb7 8. O-O Be7 9. Re1 d6 10. e4 Nbd7 11. h3 a6 12. b3 Rc8 13. Ba3 Nc5 14.
Qc2 b5 15. Rad1 bxc4 16. bxc4 Qa5 17. Bb2 Ncd7 18. Qd3 Nb6 19. Nd2 Nfd7 20. Qe2 Ne5 21. c5 dxc5 22. a3 Nbd7 23. Nc4 Nxc4 24. Rxd7 Nxb2 25.
Qxb2 Rc7 26. Rxc7 Qxc7 27. Rb1 Bc6 28. Qb6 Qc8 29. e5 Bxg2 30. Kxg2 c4 31. Ne4 Bxa3 32. Nd6 Qa8+ 33. Kh2 c3 34. Qc7 Bb2 35. Re1 Qf3 36.
Kg1 h5 37. Qe7 c2 38. Qg5 Qd1 39. Qe3 Qxe1+ 40. Qxe1 c1=Q 0-1

[Event "*** Titled Tuesday Blitz"]
[Site "Chess.com"]
[Date "2020.04.14"]
[Round "4"]
[White "ChessicallyInclined"]
[Black "Sviridov_Valery"]
[Result "0-1"]
[WhiteElo "2587"]
[BlackElo "2828"]
[TimeControl "180+1"]
[EndTime "10:39:15 PDT"]
[Termination "Sviridov_Valery won by resignation"]

1. d4 g6 2. c4 Bg7 3. e4 d6 4.
Nc3 e5 5. dxe5 dxe5 6. Qxd8+ Kxd8 7. Be3 Be6 8. O-O-O+ Nd7 9. h4 Bh6 10. Bxh6 Nxh6 11.
Be2 c6 12. h5 g5 13. Nf3 f6 14. Ne1 Kc7 15. b3 a5 16. Nd3 Rhd8 17. Kb2 Nf7 18.
g3 g4 19. Rc1 Ng5 20. Nd5+ Kb8 21. Ne3 Nxe4 22. Bxg4 Bxg4 23. Nxg4 Kc7 24. Rhe1 Ndc5 25.
Nxc5 Nxc5 26. Nxf6 Nd3+ 27. Kc3 Nxc1 28. Rxc1 Rf8 29.
Ne4 Rf5 30. Rh1 Rd8 31. Rh4 Rd4 32. Rg4 Kb6 33. c5+ Ka6 34. a4 Rxh5 35. Rg8 Ka7 36. Nd6 Rd5 37. Kc4 e4 38. Nxe4 Rh1 39. Kc3 Rc1+ 40.
Kb2 Re1 41. Rg4 Rd4 42. f3 Re3 43. Rf4 Rdd3 44. Rf7 Rxb3+ 45. Kc2 Rxf3 46. Rxh7 Rbe3 47. Nd6 Rc3+ 48. Kd2 Rxc5 49. Rxb7+ Ka6 50. Rd7 Rd5+ 51. Ke2 Rfd3 0-1

[Event "*** Titled Tuesday Blitz"]
[Site "Chess.com"]
[Date "2020.04.14"]
[Round "4"]
[White "Alex_Molchanov"]
[Black "LimeInTheCoconut"]
[Result "0-1"]
[WhiteElo "2537"]
[BlackElo "2352"]
[TimeControl "180+1"]
[EndTime "10:39:15 PDT"]
[Termination "LimeInTheCoconut won by resignation"]

1. d4 Nf6 2. c4 e6 3. Nc3 Bb4 4. e3 O-O 5. Ne2 c6 6. a3 Ba5 7. Ng3 d5 8. cxd5 exd5 9. Bd3 Re8 10. O-O Nbd7 11. b4 Bc7 12. Ra2 Nf8 13. b5 Ne6 14. bxc6 bxc6 15. Re2 c5 16. dxc5 Nxc5 17. Bb1 Ba6 18. Bb2 Rb8 19. Nf5 Bxe2 20. Qxe2 Be5 21. Ba1 Nb3 22. Bb2 d4 23. Nd1 dxe3 24.
Ndxe3 Bxb2 25. Qxb2 Nd2 26. Qc2 Nxf1 27. Ng4 Rxb1 28.
Qxb1 Nxg4 29. Kxf1 g6 30. Ng3 Qf6 31. f3 Nxh2+ 32.
Kg1 Nxf3+ 33. gxf3 Qxf3 34. Kh2 h5 35. Qb5 Rd8 36.
Qa5 Qf2+ 37. Kh3 Rd3 38. Qe5 Qxg3+ 0-1

[Event "*** Titled Tuesday Blitz"]
[Site "Chess.com"]
[Date "2020.04.14"]
[Round "4"]
[White "Benjoneliere44"]
[Black "Tjktiger"]
[Result "0-1"]
[WhiteElo "2642"]
[BlackElo "2828"]
[TimeControl "180+1"]
[EndTime "10:39:16 PDT"]
[Termination "Tjktiger won by resignation"]

1. d4 Nf6 2. Bf4 c5 3. d5 d6 4. Nc3 e5 5. dxe6 Bxe6 6. e4 Nc6 7. Nf3 Qb6 8. Rb1 O-O-O 9. Be2 d5 10. exd5 Nxd5 11.
Nxd5 Bxd5 12. Qc1 Re8 13. Be3 Nd4 14. Qd2 Bxa2 15. Ra1 Nxe2 16. Qxe2 Qxb2 17. O-O Bd6 18.
Qd2 Bc7 19. Bxc5 Rd8 20. Bd4 Rxd4 21. Nxd4 Rd8 22. Rfd1 Bb6 23. c3 Qxd2 24. Rxd2 Bc4 25. Re1 Ba5 26. Rc1 g6 27. f3 Kc7 28. Kf2 b5 29. Rb2 a6 30. Ra1 Bxc3 31. Rc2 0-1

[Event "*** Titled Tuesday Blitz"]
[Site "Chess.com"]
[Date "2020.04.14"]
[Round "4"]
[White "zacachess"]
[Black "goofypenguin96"]
[Result "1-0"]
[WhiteElo "2286"]
[BlackElo "2112"]
[TimeControl "180+1"]
[EndTime "10:39:16 PDT"]
[Termination "zacachess won by checkmate"]

1. d4 d5 2. Bf4 e6 3. Nc3 a6 4. Nf3 f5 5. Ne5 Nf6 6. e3 Be7 7. Be2 O-O 8. h3 Nbd7 9. g4 Ne4 10. gxf5 Rxf5 11. Nxe4 dxe4 12. Bg4 Nxe5 13. Bxe5 Rf8 14. c3 Bh4 15. Rh2 Bd7 16. Qc2 Qe7 17. O-O-O Bc6 18.
Rg1 a5 19. Bxe6+ Qxe6 20. Rxg7+ Kh8 21. Re7+ Kg8 22. Rxe6 Bf6 23. Rg2+ Kh8 24. Rxf6 Rxf6 25. Bxf6# 1-0

[Event "*** Titled Tuesday Blitz"]
[Site "Chess.com"]
[Date "2020.04.14"]
[Round "4"]
[White "AliKa2810"]
[Black "SavelievAlexei"]
[Result "1-0"]
[WhiteElo "2625"]
[BlackElo "2384"]
[TimeControl "180+1"]
[EndTime "10:39:17 PDT"]
[Termination "AliKa2810 won on time"]

1. d4 Nf6 2. c4 e6 3. Nc3 Bb4 4. e3 O-O 5. Ne2 d5 6. a3 Bd6 7. Ng3 c6 8. Bd3 Nbd7 9. O-O Re8 10. b4 e5 11. cxd5 cxd5 12. dxe5 Nxe5 13. Bb2 Nxd3 14. Qxd3 Be6 15. Nce2 Rc8 16. Rac1 Ng4 17. Nf4 Qh4 18.
h3 Ne5 19. Qe2 Nc4 20. Ba1 Bxf4 21. exf4 Bxh3 22. Qf3 Be6 23. f5 Bd7 24. Qxd5 Nb6 25.
Qd3 Bc6 26. b5 Bd5 27. Rxc8 Rxc8 28. Re1 Bc4 29. Qc3 Qh6 30. Qe5 Rf8 31. Ne4 f6 32. Qe7 Qf4 33. Nd6 1-0

[Event "*** Titled Tuesday Blitz"]
[Site "Chess.com"]
[Date "2020.04.14"]
[Round "4"]
[White "Noukii"]
[Black "ElliPaehtz"]
[Result "0-1"]
[WhiteElo "2699"]
[BlackElo "2550"]
[TimeControl "180+1"]
[EndTime "10:39:18 PDT"]
[Termination "ElliPaehtz won by resignation"]

1. d4 Nf6 2. Nf3 e6 3. Bg5 c5 4. Nc3 cxd4 5. Qxd4 a6 6. Bxf6 Qxf6 7. Qxf6 gxf6 8. O-O-O b5 9. e4 Bb7 10. Bd3 Nc6 11.
Ne2 Bc5 12. Rhf1 Ke7 13. g3 Ne5 14. Nxe5 fxe5 15. f4 exf4 16. Nxf4 h5 17. h4 Rag8 18. Rf3 Rg4 19. Re1 Bd4 20. a4 bxa4 21. Ref1 Be5 22. c3 f6 23. Kd2 a5 24. Ke3 Bc6 25. Be2 a3 26. bxa3 Bxc3 27. Kf2 Bd4+ 28. Ke1 Bxe4 29. Rb3 Rgg8 30. Nxh5 Rb8 31. Rxb8 Rxb8 32. Nf4 Be3 33.
Bd1 Rb2 34. Ne2 d5 35. h5 d4 36. g4 d3 37. Nf4 Bd2+ 38. Kf2 Bxf4+ 0-1

[Event "*** Titled Tuesday Blitz"]
[Site "Chess.com"]
[Date "2020.04.14"]
[Round "4"]
[White "starworld123"]
[Black "DejanNestor64"]
[Result "0-1"]
[WhiteElo "2595"]
[BlackElo "2422"]
[TimeControl "180+1"]
[EndTime "10:39:18 PDT"]
[Termination "DejanNestor64 won on time"]

1. Nf3 Nf6 2. c4 e6 3. g3 d5 4. d4 Bb4+ 5. Bd2 Bd6 6. Nc3 c6 7. Qc2 O-O 8. e4 dxe4 9. Nxe4 Nxe4 10. Qxe4 Nd7 11. Bd3 Nf6 12. Qh4 h6 13. g4 Be7 14.
g5 Nh7 15. Qe4 g6 16. gxh6 Ng5 17. Nxg5 Bxg5 18. O-O-O Kh7 19. h4 Bxd2+ 20. Rxd2 f5 21. Qf4 Qf6 22. Rg1 Rg8 23. f3 Bd7 24. Rdg2 c5 25. h5 gxh5 26. Rg7+ Kh8 27. dxc5 Bc6 28. Qc7 Qxh6+ 0-1

[Event "*** Titled Tuesday Blitz"]
[Site "Chess.com"]
[Date "2020.04.14"]
[Round "4"]
[White "manitodeplomo"]
[Black "mapebo94"]
[Result "0-1"]
[WhiteElo "2487"]
[BlackElo "1987"]
[TimeControl "180+1"]
[EndTime "10:39:18 PDT"]
[Termination "mapebo94 won by resignation"]

1. d4 e6 2. c4 Nf6 3. Nf3 Bb4+ 4. Nbd2 d5 5. Qc2 O-O 6. g3 b6 7. Bg2 Bb7 8. O-O Nbd7 9. a3 Be7 10. b4 c5 11. dxc5 bxc5 12. b5 d4 13. e4 dxe3 14. fxe3 e5 15. Bb2 Qc7 16. Rae1 Rfe8 17. a4 Bf8 18. e4 a6 19. Nb1 axb5 20. axb5 Nxe4 21. Rxe4 Bxe4 22. Qxe4 Nf6 23. Bxe5 Qa5 24. Qf5 Qa2 25. Nbd2 Rad8 26. Bxf6 gxf6 27. Ne4 Bg7 28. Nfg5 fxg5 29. Nxg5 Re7 30. Bd5 Rxd5 31. Qxd5 Qe2 32. Qd8+ Re8 33. Qd5 Bd4+ 0-1

[Event "*** Titled Tuesday Blitz"]
[Site "Chess.com"]
[Date "2020.04.14"]
[Round "4"]
[White "lupta_robin"]
[Black "FeketeBarika"]
[Result "1-0"]
[WhiteElo "2484"]
[BlackElo "2302"]
[TimeControl "180+1"]
[EndTime "10:39:18 PDT"]
[Termination "lupta_robin won by resignation"]

1. e4 e6 2. d4 d5 3. Nc3 Nf6 4. e5 Nfd7 5. f4 c5 6. Nf3 Nc6 7. Be3 Be7 8. Qd2 O-O 9. Be2 Qa5 10. a3 b6 11. O-O cxd4 12. Nxd4 Nxd4 13. Bxd4 b5 14.
f5 exf5 15. b4 Qd8 16. Nxd5 Bg5 17. Qd3 Nb6 18. Nxb6 axb6 19. Rad1 g6 20. Qxb5 Rxa3 21. Bxb6 Qxb6+ 22. Qxb6 Be3+ 23. Qxe3 Rxe3 24. Bf3 Rxe5 25.
c4 Be6 26. c5 Rb8 27. Rb1 Bc4 28. Rfc1 Bd3 29. Rb3 Be4 30. Bxe4 fxe4 31. b5 e3 32. c6 e2 33. Kf2 Rbe8 34. Rbb1 Rf5+ 35. Kg1 Rfe5 36.
b6 e1=Q+ 37. Rxe1 Rxe1+ 38. Rxe1 Rxe1+ 39. Kf2 Rc1 40. b7 Rc2+ 41. Kf3 Rc3+ 42. Ke4 Rc4+ 43. Kd5 Rb4 44. c7 1-0

[Event "*** Titled Tuesday Blitz"]
[Site "Chess.com"]
[Date "2020.04.14"]
[Round "4"]
[White "AlRayyan2022"]
[Black "benko_008"]
[Result "0-1"]
[WhiteElo "2616"]
[BlackElo "2454"]
[TimeControl "180+1"]
[EndTime "10:39:19 PDT"]
[Termination "benko_008 won on time"]

1. e4 c5 2. Nf3 e6 3. d3 Nc6 4. g3 d5 5. Qe2 Nf6 6. Bg2 Be7 7.
O-O b5 8. Bf4 h6 9. h4 Bb7 10.
c3 a6 11. Re1 d4 12. cxd4 cxd4 13. Ne5 Nd7 14. Nxc6 Bxc6 15. Qg4 g5 16. hxg5 hxg5 17. Bd2 Ne5 18. Qe2 b4 19. f4 gxf4 20. Bxf4 Ng6 21. e5 Rc8 22. Nd2 Nxf4 23. gxf4 Rg8 24. Ne4 Bxe4 25.
Qxe4 Rc2 26. Re2 Qc7 27. Rae1 Bh4 28. Qa8+ Bd8 29. Rxc2 Qxc2 30. Qf3 Qxb2 31. Kf1 Qc3 32. Qc6+ Qxc6 33. Bxc6+ Ke7 0-1